 Dungeon Crawl Stone Soup version 0.31-a0-986-g5e6e4ef867 (webtiles) character file.

Game seed: 100589516531059969

64 Zdeegee the Magician (level 3, -5/20 HPs)
             Began as a Deep Elf Hedge Wizard on Nov 12, 2023.
             Slain by a worm (10 damage)
             ... on level 2 of the Dungeon.
             The game lasted 00:07:37 (2117 turns).

Zdeegee the Magician (Deep Elf Hedge Wizard)        Turns: 2117, Time: 00:07:38

Health: -5/20      AC:  2    Str:  7    XL:     3   Next: 91%
Magic:  3/12       EV: 12    Int: 20    God:
Gold:   98         SH:  0    Dex: 14    Spells: 2/13 levels left

rFire   . . .        a - +0 dagger
rCold   . . .        (no shield)
rNeg    . . .        b - +0 robe
rPois   .            c - +0 hat
rElec   .            (no cloak)
rCorr   .            (no gloves)
SInv    .            (no boots)
Will    .....        (no amulet)
Stlth   ++           (no ring)
HPRegen 0.23/turn    (no ring)
MPRegen 0.13/turn

%: no passive effects
@: very slightly contaminated
A: no striking features
a: no special abilities


You were on level 2 of the Dungeon.
You visited 1 branch of the dungeon, and saw 2 of its levels.

You collected 98 gold pieces.

Inventory:

Hand Weapons
 a - a +0 dagger (weapon)
Armour
 b - a +0 robe (worn)
 c - a +0 hat (worn)
Talismans
 e - a flux talisman
Wands
 l - a wand of polymorph (14)
Scrolls
 f - a scroll of teleportation
 g - a scroll of fog {unknown}
 h - a scroll of fear {unknown}
 k - a scroll of noise {unknown}
Potions
 d - a potion of magic
 i - a potion of might
 j - a potion of mutation {unknown}


   Skills:
 * Level 0.5 Fighting
 * Level 0.2 Armour
 * Level 2.8 Dodging
 + Level 2.5 Stealth
 * Level 5.5 Spellcasting
 * Level 2.2 Conjurations
 * Level 1.3 Summonings
 + Level 1.1 Translocations


You had 2 spell levels left.
You knew the following spells:

 Your Spells              Type           Power      Damage    Failure   Level
a - Magic Dart            Conj           56%        1d5       4%          1
b - Call Imp              Summ           20%        N/A       10%         2
c - Blink                 Tloc           18%        N/A       11%         2
d - Call Canine Familiar  Summ           10%        N/A       19%         3
e - Mephitic Cloud        Conj/Pois/Air  8%         N/A       24%         3

Your spell library contained the following spells:

 Spells                   Type           Power      Damage    Failure   Level
 Summon Small Mammal      Summ           40%        N/A       6%          1
 Slow                     Hex            20%        N/A       11%         1
 Lesser Beckoning         Tloc           18%        N/A       11%         2
 Cigotuvi's Dreadful Rot  Necr/Pois/Air  10%        N/A       17%         2
 Gell's Gravitas          Tloc           9%         N/A       22%         3
 Teleport Other           Tloc           9%         N/A       22%         3
 Summon Guardian Golem    Hex/Summ       8%         N/A       26%         3
 Confusing Touch          Hex            5%         N/A       32%         3
 Sigil of Binding         Hex            5%         N/A       32%         3
 Vampiric Draining        Necr           5%         2d6       32%         3


Dungeon Overview and Level Annotations

Branches:
Dungeon (2/15)

Altars:


Message History

A worm comes into view.
A worm is nearby!
A worm is nearby!
A worm is nearby!
You miscast Magic Dart.
You are very lightly contaminated with residual magic.
Nothing appears to happen.
The magic dart hits the worm.
The worm is lightly wounded.
The magic dart hits the worm but does no damage.
The worm is lightly wounded.
You miscast Magic Dart.
Nothing appears to happen.
The magic dart hits the worm.
The worm is lightly wounded.
The magic dart hits the worm.
The worm is lightly wounded.
Casting: Magic Dart (safe; 4% risk of failure)
Confirm with . or Enter, or press ? or * to list all spells.
A tiny devil pulls itself out of the air.
Casting: Call Imp (safe; 10% risk of failure)
Confirm with . or Enter, or press ? or * to list all spells.
A tiny devil pulls itself out of the air.
Your cerulean imp disappears in a puff of smoke!
A hobgoblin comes into view.
Your cerulean imp barely misses the worm.
The worm bites you.
You hit the worm.
The worm is lightly wounded.
Your cerulean imp hits the worm but does no damage.
You hit the worm.
The worm is moderately wounded.
The hobgoblin shouts!
The worm bites you!
Ouch! That really hurt!
* * * LOW HITPOINT WARNING * * *
Your cerulean imp hits the worm but does no damage.
Your cerulean imp hits the worm but does no damage.
The worm bites you!
Ouch! That really hurt!
You die...

#.†##########.# #..
#..# #.###.# #..#
#...#.# #..# #.#.#.#
#..# #...#.# #..#
#.#.#.# #..# #.#.#.#
#..####### #.#.#.#
#5@....... #...#.#
#..w.##########...#.#
#..... ..........#
#...... ...####...#
#...?... ..........#
#.....g.. . .........
#......... .........#
#...................#
..)......#


You could see a worm (ally target), a hobgoblin and a friendly cerulean imp
(summoned).

Vanquished Creatures
  An adder (D:2)
  A worm (D:2)
  A dart slug (D:1)
  9 bats
  7 endoplasms
  3 giant cockroaches
  3 goblins (D:1)
  5 hobgoblins
  4 quokkas
  3 ball pythons (D:1)
  2 frilled lizards (D:1)
  2 kobolds
  2 rats
43 creatures vanquished.

Vanquished Creatures (collateral kills)
  A kobold (D:1)
  A ball python (D:2)
  A rat (D:1)
3 creatures vanquished.

Grand Total: 46 creatures vanquished

Notes
Turn   | Place    | Note
-------+----------+-------------------------------------------
     0 | D:1      | Zdeegee the Deep Elf Hedge Wizard began the quest for the
                  | Orb.
     0 | D:1      | Reached XP level 1. HP: 10/10 MP: 7/7
   266 | D:1      | Found a faded altar of an unknown god.
   271 | D:1      | Reached XP level 2. HP: 15/15 MP: 4/9
   274 | D:1      | Learned a level 2 spell: Call Imp
   277 | D:1      | Learned a level 2 spell: Blink
   367 | D:1      | Reached skill level 5 in Spellcasting
   723 | D:1      | Reached XP level 3. HP: 13/19 MP: 2/11
  1076 | D:1      | Learned a level 3 spell: Call Canine Familiar
  1080 | D:1      | Learned a level 3 spell: Mephitic Cloud
  2117 | D:2      | Slain by a worm

Illustrated notes

Levels and vault maps discovered:
D:1:      ncdulo_smallfort, layout_loops_ring,
          hellmonk_ecumenical_altar_crossroads, minmay_small_reverse_x
D:2:      layout_basic, minivault_5

Skill      XL: |  1  2  3 |
---------------+----------+-----
Spellcasting   | 5 |  5.5
Conjurations   | 2 |  2.2
Fighting       | |  0.5
Armour         | |  0.2
Dodging        | |  2.8
Stealth        | |  2.5
Summonings     | |  1.3
Translocations | |  1.1

Action                     || total
---------------------------++-------
  Melee: Dagger            ||    21
   Cast: Magic Dart        ||   109
         Call Imp          ||     4
         Mephitic Cloud    ||     1
    Use: Scroll            ||     3
   Stab: Sleeping          ||     2
         Confused          ||     1
 Armour: Robe              ||    22
  Dodge: Dodged            ||    24

Table legend: (Time is in decaauts)
 A = Elapsed time spent in this place.
 B = Non-inter-level travel time spent in this place.
 C = Inter-level travel time spent in this place.
 D = Time resting spent in this place.
 E = Time spent auto-exploring this place.
 F = Levels seen in this place.
 G = Mean time per level.
                   A        B        C        D        E       F      G
               +--------+--------+--------+--------+--------+-----+--------+
         Total |   2116 |   2077 |     39 |    177 |   1557 |   2 | 1058.0 |
       Dungeon |   2116 |   2077 |     39 |    177 |   1557 |   2 | 1058.0 |
               +--------+--------+--------+--------+--------+-----+--------+

Top non-repeatable levels by time:
     D:1: 1333 daAuts
     D:2: 783 daAuts
